 Dungeon Crawl Stone Soup version 0.21.1 (webtiles) character file.

390 Laoche the Covert (level 6, -1/30 HPs)
             Began as a Spriggan Assassin on Feb 3, 2018.
             Slain by Edmund
             ... wielding a +1 flail of draining
              (3 damage)
             ... on level 4 of the Dungeon.
             The game lasted 00:14:44 (4226 turns).

Laoche the Covert (Spriggan Assassin)               Turns: 4226, Time: 00:14:45

Health: -1/30      AC:  3    Str:  4 (7)  XL:     6   Next: 50%
Magic:  0/7        EV: 19    Int: 11 (12) God:
Gold:   184        SH:  0    Dex: 18 (20) Spells: 5/5 levels left

rFire    . . .     SeeInvis +   a - +2 dagger
rCold    . . .     Gourm    .   (shield restricted)
rNeg     . . .     Faith    .   q - +0 robe
rPois    .         Spirit   +   (helmet restricted)
rElec    .         Reflect  .   A - +0 cloak
rCorr    .         Harm     .   (gloves unavailable)
MR       +....                  (boots unavailable)
Stlth    +++.......             t - amulet of guardian spirit
HPRegen  0.10/turn              o - +4 ring of evasion
MPRegen  0.10/turn              (no ring)

@: berserk cooldown, slowed, very heavily drained, quick
A: very small, unfitting armour, see invisible, herbivore, speed 3, slow
metabolism 2
a: no special abilities


You were on level 4 of the Dungeon.
You were very hungry.

You visited 1 branch of the dungeon, and saw 4 of its levels.

You collected 184 gold pieces.

Inventory:

Hand Weapons
 a - a +2 dagger (weapon)
 b - a +0 blowgun
 h - a +0 hand axe
 i - a +0 hand axe
 m - a +0 dagger
 r - a +0 dagger
Missiles
 e - 6 poisoned needles
 f - 2 curare-tipped needles
Armour
 c - a +0 robe
 d - a +0 cloak
 j - a +0 leather armour
 q - a +0 robe (worn)
 z - a +0 robe
 A - a +0 cloak (worn)
Magical Staves
 D - an uncursed staff of fire
Jewellery
 o - a +4 ring of evasion (left hand)
 t - an amulet of guardian spirit (around neck)
Wands
 p - a wand of random effects (19)
Scrolls
 k - a scroll of noise
 l - 3 scrolls of remove curse
 n - 2 scrolls of teleportation
 u - a scroll of fear {unknown}
 v - a scroll of enchant weapon {unknown}
 w - 2 scrolls of identify
 y - a scroll of immolation
 B - a scroll of random uselessness {unknown}
 C - a scroll of fog {unknown}
Comestibles
 g - 7 rations


   Skills:
 + Level 2.1(0.0) Fighting
 * Level 5.6(1.0) Short Blades
 + Level 2.0(0.0) Throwing
 + Level 3.7(0.0) Dodging
 + Level 8.1(3.2) Stealth


You had 5 spell levels left.
You didn't know any spells.

Dungeon Overview and Level Annotations

Branches:
Dungeon (4/15)
 Temple: D:4-7

Altars:
Ashenzari
Elyvilon
Fedhas
Hepliaklqana
Kikubaaqudgha
Makhleb
Ru
Uskayaw
Xom
Yredelemnul

Shops:
D:4 ?

Annotations:
D:4 Edmund; anp's ghost, amateur GnTm


Innate Abilities, Weirdness & Mutations

You are very small and have problems with some larger weapons.
You are too small for most types of armour.
You have supernaturally acute eyesight. (SInv)
You are a herbivore.
You cover ground extremely quickly.
You need consume almost no food.


Message History

You closely miss Edmund.
Edmund is severely wounded.
Edmund completely misses you. Edmund hits you but does no damage.
You feel drained.
You hit Edmund but do no damage.
Edmund is severely wounded.
Edmund closely misses you.
You barely miss Edmund.
Edmund is severely wounded.
Edmund hits you but does no damage.
You feel drained.
You barely miss Edmund.
Edmund is severely wounded.
Edmund hits you with a flail of draining.
* * * LOW HITPOINT WARNING * * *
You feel drained.
* * * LOW HITPOINT WARNING * * *
You hit Edmund but do no damage.
Edmund is severely wounded.
Edmund hits you with a flail of draining.
You die...

.####..............## ##...####.(
.# ##.............# ###......# ##
##...........## ###..... ##
##.........## #...... .#
####....### ##.....# .## ######
######......#
..###################..........##
#.............................##
#...............@@............##
##..............####.########..#
##.....∩...########...## ##.#
.#.###.....# ##.....## #.## .#.#
#.....# #.......## #..# ...#
#....## ##..@.....# ##.#
...####...# ##........## #.#
[...# #...# #.........# ####.
....# #..## ##.........# ##....


You could see Edmund.

Vanquished Creatures
  A scorpion (D:4)
  A howler monkey (D:4)
  A hound (D:4)
  A bullfrog skeleton (D:4)
  An orc wizard (D:3)
  Natasha (thrice) (D:4)
  A worker ant (D:4)
  A gnoll (D:1)
  5 adders
  An ooze (D:4)
  2 worms
  A dart slug (D:1)
  A leopard gecko (D:2)
  4 orcs (D:3)
  3 ball pythons
  A giant cockroach (D:2)
  5 goblins
  3 hobgoblins
  3 jackals (D:2)
  2 kobolds
  A quokka (D:3)
  7 bats
  2 frilled lizards
  6 rats
  A butterfly (D:3)
58 creatures vanquished.

Notes
Turn   | Place    | Note
-------+----------+-------------------------------------------
     0 | D:1      | Laoche the Spriggan Assassin began the quest for the Orb.
     0 | D:1      | Reached XP level 1. HP: 10/10 MP: 2/2
    71 | D:1      | Reached skill level 6 in Stealth
   256 | D:1      | Reached XP level 2. HP: 8/14 MP: 3/3
  1138 | D:2      | Reached skill level 7 in Stealth
  1237 | D:2      | Reached XP level 3. HP: 10/18 MP: 2/4
  1412 | D:2      | Found a sacrificial altar of Ru.
  1638 | D:2      | Found a hide-covered altar of Uskayaw.
  2008 | D:2      | Reached XP level 4. HP: 7/23 MP: 2/5
  2337 | D:3      | Found a shimmering altar of Xom.
  2596 | D:3      | Found a burning altar of Makhleb.
  2596 | D:3      | Found a hazy altar of Hepliaklqana.
  2620 | D:3      | Found a shattered altar of Ashenzari.
  2633 | D:3      | Found a basalt altar of Yredelemnul.
  2849 | D:3      | Found a shattered altar of Ashenzari.
  3137 | D:3      | Reached XP level 5. HP: 25/26 MP: 4/6
  3146 | D:3      | Found a white marble altar of Elyvilon.
  3302 | D:3      | You fall through a shaft!
  3372 | D:4      | Found a blossoming altar of Fedhas.
  3374 | D:4      | Found an ancient bone altar of Kikubaaqudgha.
  3470 | D:4      | Noticed Natasha
  3523 | D:4      | Killed Natasha
  3567 | D:4      | Noticed Natasha
  3583 | D:4      | Killed Natasha
  3583 | D:4      | Reached skill level 5 in Short Blades
  3591 | D:4      | Noticed Natasha
  3592 | D:4      | Reached XP level 6. HP: 20/30 MP: 4/7
  3614 | D:4      | Killed Natasha
  3614 | D:4      | Reached skill level 8 in Stealth
  3947 | D:4      | Found Enwuor's Magic Scroll Emporium.
  4039 | D:4      | Noticed Edmund
  4065 | D:4      | HP: 1/30 [Edmund/flail of draining (2)]
  4088 | D:4      | Noticed anp's ghost (amateur GnTm)
  4226 | D:4      | Slain by Edmund

Skill      XL: |  1  2  3  4  5  6 |
---------------+-------------------+-----
Stealth        | 6 7 8 |  8.1
Short Blades   | 3 4 5 |  5.6
Dodging        | 2 3 |  3.7
Fighting       | 2 |  2.1
Throwing       | |  2.0

Action                   |  1- 3 |  4- 6 || total
-------------------------+-------+-------++-------
Melee: Dagger            |   131 |   197 ||   328
 Fire: Blowgun           |       |     2 ||     2
  Use: Potion            |     4 |     8 ||    12
       Scroll            |     3 |     2 ||     5
 Stab: Sleeping          |     8 |    10 ||    18
Armor: Robe              |     8 |     9 ||    17
Dodge: Dodged            |    98 |   130 ||   228
